[Event "SS Manhem Chess Week 2019 Elo tournaments"]
[Site "Molnlycke kulturhus, Biblioteksgatan 2, Molnlycke, Sweden"]
[Date "2019.08.10"]
[Round "1.2"]
[White "Olsson, William"]
[Black "Berggren Torell, Harald"]
[Result "0-1"]
[TimeControl "90 minutes for 40 moves + 30 minutes for the rest of the game + 30 seconds per move from move one."]
[WhiteFideId "1741721"]
[BlackFideId "1714031"]
[WhiteElo "2015"]
[BlackElo "2137"]

1. d4 d6 2. Nf3 g6 3. e4 Bg7 4. Bf4 Nf6 5. Nc3 Nc6 6. Qd2 Bg4 7. Be2 O-O 8. Be3 e5 9. d5 Ne7 10.
h3 Bd7 11. g4 b5 12. g5 b4 13. gxf6 bxc3 14. Qxc3 Bxf6 15. Nd2 c6 16. dxc6 Bxc6 17. Bh6 Re8 18. Qf3 Nf5 19. Be3 Nxe3 20.
fxe3 Bh4+ 21. Kd1 d5 22. Rf1 Re7 23. exd5 Bxd5 24. e4 Be6 25. Bd3 Rb8 26. Nb3 Qb6 27. Rb1 Rd7 28. Ke2 a5 29.
Nc1 Bg5 30. b3 Qc5 31. Rd1 Bh4 32. Kf1 Bxh3+ 33. Ke2 Bg4 0-1

[Event "SS Manhem Chess Week 2019 Elo tournaments"]
[Site "Molnlycke kulturhus, Biblioteksgatan 2, Molnlycke, Sweden"]
[Date "2019.08.11"]
[Round "2.6"]
[White "Jacobsson, Lennart"]
[Black "Ziegler, Nathalie"]
[Result "1-0"]
[TimeControl "90 minutes for 40 moves + 30 minutes for the rest of the game + 30 seconds per move from move one."]
[WhiteFideId "1753320"]
[BlackFideId "1715984"]
[WhiteElo "1754"]
[BlackElo "1846"]

1. e4 c5 2. Nf3 d6 3. d4 cxd4 4. Qxd4 Nc6 5. Qd3 Nf6 6.
c4 Bg4 7. Be2 Rc8 8. Bf4 Qb6 9. Nc3 g6 10. b3 Bg7 11. Rc1 O-O 12. O-O Qa5 13.
Qd2 Rfd8 14. Rfd1 Nh5 15. Be3 f5 16. h3 Bxf3 17. Bxf3 f4 18. Nd5 Qxd2 19. Bxd2 e5 20.
Bg4 Rb8 21. Bc3 Nf6 22. Be6+ Kf8 23. Nxf6 Bxf6 24. Rd3 h5 25.
Kf1 g5 26. Rcd1 Ke7 27. Bf5 b5 28. cxb5 Rxb5 29. Bg6 h4 30. Bh5 Nb4 31. Bxb4 Rxb4 32. Bf3 Rb6 33. Rc1 Ra6 34. Rd2 Rd7 35.
Bg4 Rd8 36. Rc7+ Kf8 37. Be2 Ra5 38. Bc4 Be7 39. a4 Rb8 40. Bb5 a6 41. Ra7 Bd8 42. b4 Raxb5 43. axb5 Rxb5 44. Rxd6 Be7 45. Rh6 Rxb4 46. Rh8+ Rb6 1-0

[Event "SS Manhem Chess Week 2019 Elo tournaments"]
[Site "Molnlycke kulturhus, Biblioteksgatan 2, Molnlycke, Sweden"]
[Date "2019.08.12"]
[Round "3.2"]
[White "Bergenwall, Henric"]
[Black "Fransson, Lennart"]
[Result "0-1"]
[TimeControl "90 minutes for 40 moves + 30 minutes for the rest of the game + 30 seconds per move from move one."]
[WhiteFideId "1747924"]
[BlackFideId "1706756"]
[WhiteElo "1933"]
[BlackElo "2014"]

1. e4 Nf6 2. e5 Nd5 3. d4 d6 4. Nf3 Bg4 5. Be2 e6 6. O-O Be7 7. c4 Nb6 8. b3 Nc6 9. Bb2 O-O 10.
Nbd2 Qe8 11. exd6 cxd6 12. Re1 d5 13. Ne5 Nxe5 14. dxe5 Bxe2 15. Qxe2 dxc4 16. Nxc4 Nd5 17. Ne3 Nxe3 18.
Qxe3 b6 19. Qe2 Bc5 20. Rac1 Qe7 21. Red1 Rfd8 22. Rxd8+ Rxd8 23. Rd1 Rd5 24. Rxd5 exd5 25. Qg4 Qe6 26. Qxe6 fxe6 27. Kf1 Kf7 28.
Ke2 Kg6 29. f4 Kf5 30. Kf3 h5 31. h3 h4 32. Bc3 b5 33. Be1 g5 34. b4 Bb6 35. g4+ hxg3 36. fxg5 g2 37. Kxg2 Kxg5 38.
Kf3 Bd4 39. h4+ Kf5 40. h5 Bxe5 41. Bd2 Bf6 42. h6 e5 43. h7 e4+ 44. Kg3 d4 45. Bf4 Bg7 46. Bb8 a6 47. Ba7 Be5+ 48.
Kh4 e3 49. Bb8 Bf6+ 50. Kg3 Ke4 0-1

[Event "SS Manhem Chess Week 2019 Elo tournaments"]
[Site "Molnlycke kulturhus, Biblioteksgatan 2, Molnlycke, Sweden"]
[Date "2019.08.12"]
[Round "3.5"]
[White "Bohlin, Jan"]
[Black "Degerfeldt, Sven"]
[Result "1/2-1/2"]
[TimeControl "90 minutes for 40 moves + 30 minutes for the rest of the game + 30 seconds per move from move one."]
[WhiteFideId "1758616"]
[BlackFideId "1717430"]
[WhiteElo "1752"]
[BlackElo "1899"]

1. c4 c5 2. g3 g6 3. Bg2 Bg7 4. Nc3 Nc6 5. Nf3 d6 6. O-O e5 7. a3 Nge7 8. Ne1 O-O 9. Nc2 Be6 10.
Ne3 Qd7 11. Ned5 Bh3 12. d3 Bxg2 13. Kxg2 f5 14. e3 Nxd5 15. cxd5 Ne7 16. f4 exf4 17. gxf4 Bxc3 18. bxc3 Nxd5 19.
Qb3 Qf7 20. c4 Nf6 21. Bb2 b5 22. Qc3 Rae8 23. Rae1 h5 24. h3 bxc4 25. dxc4 Kh7 26. Kh2 Ne4 27. Qd3 Qe7 28. Rg1 Qh4 29.
Qe2 Rg8 30. Rg2 g5 31. fxg5 Nxg5 32. Rg3 Ne4 33. Rxg8 Rxg8 34. Qf3 Qg3+ 35. Qxg3 Rxg3 36. Bf6 Rf3 37. Bh4 f4 38. exf4 Rxf4 39.
Bg3 Nxg3 40. Re7+ Kg8 41. Kxg3 Rxc4 42. Rxa7 h4+ 43. Kf3 d5 44. a4 d4 45. Rc7 Rc3+ 46. Ke2 c4 47. a5 Ra3 48. a6 1/2-1/2

[Event "SS Manhem Chess Week 2019 Elo tournaments"]
[Site "Molnlycke kulturhus, Biblioteksgatan 2, Molnlycke, Sweden"]
[Date "2019.08.12"]
[Round "3.6"]
[White "Hattab, Hashim"]
[Black "Jacobsson, Lennart"]
[Result "1-0"]
[TimeControl "90 minutes for 40 moves + 30 minutes for the rest of the game + 30 seconds per move from move one."]
[WhiteFideId "1721798"]
[BlackFideId "1753320"]
[WhiteElo "1868"]
[BlackElo "1754"]

1. d4 Nf6 2. c4 c5 3. d5 b5 4. cxb5 a6 5. Nc3 g6 6. e4 d6 7. Nf3 Bg7 8. a4 axb5 9. Bxb5+ Nfd7 10.
O-O O-O 11. Bf4 Na6 12. Qe2 Nc7 13.
e5 Nb6 14. Rfd1 Ba6 15. Bxa6 Nxa6 16. h4 Nb4 17. b3 Qd7 18. a5 Nc8 19.
Qe4 f6 20. e6 Qd8 21. h5 g5 22. Bxg5 Qe8 23. h6 Bh8 24. Bd2 f5 25. Qc4 Qg6 26. Ra4 Bf6 27. Ne2 Kh8 28. g3 Qh5 29.
Kg2 Na7 30. Rh1 Qe8 31. Bc3 Nb5 32. Bxf6+ Rxf6 33. Ng5 Nc7 34. Rxb4 cxb4 35. Qxc7 Rc8 36. Nf7+ Kg8 37. Nxd6 1-0

[Event "SS Manhem Chess Week 2019 Elo tournaments"]
[Site "Molnlycke kulturhus, Biblioteksgatan 2, Molnlycke, Sweden"]
[Date "2019.08.12"]
[Round "3.7"]
[White "Ziegler, Nathalie"]
[Black "Johansson, Eva"]
[Result "0-1"]
[TimeControl "90 minutes for 40 moves + 30 minutes for the rest of the game + 30 seconds per move from move one."]
[WhiteFideId "1715984"]
[BlackFideId "1724584"]
[WhiteElo "1846"]
[BlackElo "1869"]

1. c4 e5 2. d4 c6 3. Nc3 exd4 4. Qxd4 Nf6 5. Nf3 Be7 6.
g3 O-O 7. Bg2 Na6 8. O-O Nc7 9. e4 Ne6 10. Qd3 d6 11. Rd1 Qc7 12. b3 Ng4 13. Qe2 Ne5 14. Ne1 Nc5 15. h3 f5 16.
f4 Ng6 17. Bb2 Bf6 18. exf5 Bxf5 19. Kh2 Rad8 20. Bf3 Rfe8 21. Qg2 Re3 22. Rac1 Rde8 23. b4 Nd3 24. Nxd3 Bxd3 25. b5 Bxc3 26.
Rxc3 Re2 27. Rcxd3 Rxg2+ 28. Kxg2 Rd8 29. Ba3 c5 30. Bd5+ Kf8 31. Bb2 b6 32. Bc6 Ne7 33. Bf3 Nf5 34.
Be4 Qf7 35. Bd5 Qe7 36. Kf2 Re8 37. Bf3 Ne3 38. Rc1 Nf5 39. Rcd1 g6 40. Bc1 Nd4 41. Re3 Qf7 42. Rxe8+ Kxe8 43.
Re1+ Kd8 44. Bd5 Qf5 45. Re4 Qxh3 46. Re1 Qh2+ 47. Bg2 Nf5 48. g4 Qg3+ 49. Kf1 Qxg4 50. Bc6 Qh3+ 51. Bg2 Qd3+ 52.
Kf2 Qxc4 53. Bb2 Qxf4+ 54. Kg1 Nd4 55. Bc1 Qg4 56. Kf2 Qf5+ 57. Kg1 g5 58. Rf1 Ne2+ 59. Kh2 Qe5+ 0-1

[Event "SS Manhem Chess Week 2019 Elo tournaments"]
[Site "Molnlycke kulturhus, Biblioteksgatan 2, Molnlycke, Sweden"]
[Date "2019.08.12"]
[Round "3.8"]
[White "Berg, Roy"]
[Black "Peterson, Rolf"]
[Result "1-0"]
[TimeControl "90 minutes for 40 moves + 30 minutes for the rest of the game + 30 seconds per move from move one."]
[WhiteFideId "1711458"]
[BlackFideId "1720511"]
[WhiteElo "1913"]
[BlackElo "1606"]

1. d4 d6 2. Nf3 Nf6 3. c4 c6 4.
g3 Bg4 5. Nbd2 e6 6. Bg2 d5 7. O-O Na6 8. a3 Be7 9. b4 Nc7 10. Bb2 a5 11. bxa5 Rxa5 12. Ne5 Bh5 13. f3 Qa8 14.
c5 Bg6 15. a4 Nd7 16. f4 Nf6 17. Bc3 Ra7 18. Qb3 Nd7 19. Ndf3 f6 20. Nxg6 hxg6 21. Nh4 Rh6 22. e4 Nxc5 23.
dxc5 Bxc5+ 24. Kh1 dxe4 25. Bxe4 f5 26. Bg2 Kf7 27. Qc4 Qf8 28. Bd4 Bxd4 29. Qxd4 Ra5 30. Qb6 Qa8 31. Qxc7+ Kf6 32.
Nf3 Rh8 33. Ng5 Rf8 34. Nh7# 1-0

[Event "SS Manhem Chess Week 2019 Elo tournaments"]
[Site "Molnlycke kulturhus, Biblioteksgatan 2, Molnlycke, Sweden"]
[Date "2019.08.16"]
[Round "7.1"]
[White "Rasti, Arvin"]
[Black "Bengtsson, Jonas"]
[Result "1-0"]
[TimeControl "90 minutes for 40 moves + 30 minutes for the rest of the game + 30 seconds per move from move one."]
[WhiteFideId "1741160"]
[BlackFideId "1715135"]
[WhiteElo "2116"]
[BlackElo "2145"]

1. d4 Nf6 2. c4 e6 3. Nc3 Bb4 4. Nf3 O-O 5. Qc2 c5 6. dxc5 Na6 7. g3 Nxc5 8. Bg2 Nce4 9. O-O Nxc3 10. bxc3 Be7 11. e4 d6 12. e5 dxe5 13. Nxe5 Qc7 14. Qe2 Nd7 15. Bf4 Nxe5 16. Bxe5 Bd6 17. Bxd6 Qxd6 18. Rfd1 Qc7 19. Rab1 Rb8 20. Qe3 b6 21. c5 Bd7 22. cxb6 axb6 23. Qd4 Bc6 24. Qc4 Rfc8 25. Bxc6 Qxc6 26. Rd8+ {clock times in the PGN file are wrong}
1-0

[Event "SS Manhem Chess Week 2019 Elo tournaments"]
[Site "Molnlycke kulturhus, Biblioteksgatan 2, Molnlycke, Sweden"]
[Date "2019.08.16"]
[Round "7.5"]
[White "Hattab, Hashim"]
[Black "Bohlin, Jan"]
[Result "1/2-1/2"]
[TimeControl "90 minutes for 40 moves + 30 minutes for the rest of the game + 30 seconds per move from move one."]
[WhiteFideId "1721798"]
[BlackFideId "1758616"]
[WhiteElo "1868"]
[BlackElo "1752"]

1. d4 Nf6 2. c4 e6 3. Nc3 Bb4 4.
e3 O-O 5. Bd3 c5 6. a3 Bxc3+ 7. bxc3 Nc6 8. Ne2 b6 9. e4 Ne8 10. Be3 d6 11.
f4 f5 12. Ng3 Qh4 13. exf5 exf5 14.
d5 Na5 15. O-O g6 16. Bf2 Qd8 17. Re1 Ba6 18. Qa4 Ng7 19. Re2 Rf7 20. Rae1 Qd7 21. Qc2 Bxc4 22. Bxc4 Nxc4 23. a4 a6 24.
Nf1 b5 25. Bh4 Re8 26. Rxe8+ Nxe8 27. axb5 axb5 28. Qa2 Nf6 29. Ng3 Kg7 30. Qa8 Nb6 31. Bxf6+ Rxf6 32. Qb8 Nxd5 33. Re8 Rf7 34.
h4 Nf6 35. Re1 Rf8 36. Qb6 Nd5 37. Qa5 Nxf4 38. Nf1 Re8 39. Rxe8 Qxe8 40. Qc7+ Qf7 41. Qxd6 Ne2+ 42. Kh2 Nxc3 43.
Qxc5 Ne4 44. Qxb5 Qc7+ 45. Kg1 Qc5+ 46. Qxc5 Nxc5 47. g3 Ne4 48. Kg2 Kf6 1/2-1/2

[Event "SS Manhem Chess Week 2019 Elo tournaments"]
[Site "Molnlycke kulturhus, Biblioteksgatan 2, Molnlycke, Sweden"]
[Date "2019.08.16"]
[Round "7.6"]
[White "Johansson, Eva"]
[Black "Degerfeldt, Sven"]
[Result "0-1"]
[TimeControl "90 minutes for 40 moves + 30 minutes for the rest of the game + 30 seconds per move from move one."]
[WhiteFideId "1724584"]
[BlackFideId "1717430"]
[WhiteElo "1869"]
[BlackElo "1899"]

1. d4 d5 2. c4 e6 3. Nf3 a6 4. Qc2 Nf6 5. g3 c6 6. Bg2 Nbd7 7. O-O Bd6 8. Nbd2 O-O 9. e4 Nxe4 10. Nxe4 dxe4 11. Qxe4 Re8 12. Bg5 f6 13. Be3 Qe7 14. Rfd1 Qf7 15. Qc2 Qf8 16. Nd2 f5 17.
f4 Nf6 18. h3 Kh8 19. Nb3 Qf7 20. Bf2 h6 21. Re1 Rg8 22. Qc3 Rb8 23. Rad1 Bd7 24. Nc5 Bxc5 25. dxc5 Rbe8 26. Qe5 Bc8 27. Rd6 Kh7 28. Kh2 Ref8 29. Bf3 g5 30. Bg2 Rg6 31. Rd3 Rfg8 32. Rg1 R6g7 33. Bd4 Rg6 34. fxg5 hxg5 35. Bf3 Rh6 36. g4 Qg6 37. Qe2 Nxg4+ 38. Rxg4 {time forfeit} 0-1

[Event "SS Manhem Chess Week 2019 Elo tournaments"]
[Site "Molnlycke kulturhus, Biblioteksgatan 2, Molnlycke, Sweden"]
[Date "2019.08.16"]
[Round "7.7"]
[White "Jacobsson, Lennart"]
[Black "Berg, Roy"]
[Result "1/2-1/2"]
[TimeControl "90 minutes for 40 moves + 30 minutes for the rest of the game + 30 seconds per move from move one."]
[WhiteFideId "1753320"]
[BlackFideId "1711458"]
[WhiteElo "1754"]
[BlackElo "1913"]

1. e4 c6 2. d4 d5 3. exd5 cxd5 4. Bd3 Nc6 5. c3 Nf6 6. Bf4 Bg4 7. Qb3 Qd7 8. Nd2 e6 9. Ngf3 Bxf3 10.
Nxf3 Bd6 11. Ne5 Qc7 12. Nxc6 bxc6 13. Bxd6 Qxd6 14. O-O O-O 15. Rfe1 c5 16. dxc5 Qxc5 17. Qc2 Qd6 18. Qe2 Rab8 19.
Rab1 Rb6 20. Qe5 Qxe5 21. Rxe5 Rfb8 22. Re2 Nd7 23. Rc2 Kf8 24. Be2 Ne5 25. b3 Rc8 26. f4 Nc4 27. Rbc1 Na3 28.
Rd2 Rbc6 29. Rd3 Nb5 30. c4 Ke7 31. Rh3 h6 32. Rd1 Nc7 33. Rhd3 Kf6 34. Bf3 Ra6 35. R3d2 Ra3 36. Rc1 1/2-1/2